 Dungeon Crawl Stone Soup version 0.31.0-11-ge490571c62 (webtiles) character file.

Game seed: 16752221120907672778

53 Gadfly the Trooper (level 3, -3/29 HPs)
             Began as a Demonspawn Monk on Jan 28, 2024.
             Constricted to death by Ijyb (5 damage)
             ... on level 2 of the Dungeon.
             The game lasted 00:02:10 (1067 turns).

Gadfly the Trooper (Demonspawn Monk)                Turns: 1067, Time: 00:02:11

Health: -3/29      AC: 10    Str: 13    XL:     3   Next: 64%
Magic:  3/3        EV: 10    Int: 10    God:
Gold:   55         SH:  0    Dex: 15    Spells: 2/2 levels left

rFire   . . .        b - +2 dagger (protect)
rCold   . . .        c - orb {light}
rNeg    . . .        a - +0 robe
rPois   .            (no helmet)
rElec   .            (no cloak)
rCorr   .            d - +0 pair of gloves
SInv    .            (no boots)
Will    .....        (no amulet)
Stlth   +            (no ring)
HPRegen 0.24/turn    (no ring)
MPRegen 0.08/turn

%: no passive effects
@: grasped by roots, under a protective aura, glowing, constricted
A: powered by death 1
a: no special abilities


You were on level 2 of the Dungeon.
You visited 1 branch of the dungeon, and saw 2 of its levels.

You collected 55 gold pieces.

Inventory:

Hand Weapons
 b - a +2 dagger of protection (weapon)
Armour
 a - a +0 robe (worn)
 c - an orb of light (worn)
 d - a +0 pair of gloves (worn)
 g - a +3 leather armour
Scrolls
 f - a scroll of enchant armour
Potions
 e - a potion of resistance {unknown}


   Skills:
 - Level 3.0 Fighting
 + Level 3.0 Dodging
 + Level 2.9 Unarmed Combat
 * Level 1.8 Evocations
 * Level 1.4 Shapeshifting


You had 2 spell levels left.
You didn't know any spells.
Your spell library was empty.

Dungeon Overview and Level Annotations

Branches:
Dungeon (2/15)

Altars:
Trog

Annotations:
D:2 Ijyb


Innate Abilities, Weirdness & Mutations

You regenerate a little health from kills.


Message History

Ijyb is lightly wounded.
Ijyb hits you with a +0 club. The grasping roots constrict you.
You are too injured to fight recklessly!
You are too injured to fight recklessly!
You are too injured to fight recklessly!
You are too injured to fight recklessly!
You are too injured to fight recklessly!
You are too injured to fight recklessly!
You are too injured to fight recklessly!
You are too injured to fight recklessly!
You are too injured to fight recklessly!
You are too injured to fight recklessly!
You are too injured to fight recklessly!
You are too injured to fight recklessly!
You are too injured to fight recklessly!
You are too injured to fight recklessly!
You are too injured to fight recklessly!
You are too injured to fight recklessly!
You are too injured to fight recklessly!
You are too injured to fight recklessly!
You are too injured to fight recklessly!
You are too injured to fight recklessly!
You are too injured to fight recklessly!
You are too injured to fight recklessly!
You are too injured to fight recklessly!
You are too injured to fight recklessly!
You are too injured to fight recklessly!
You are too injured to fight recklessly!
You are too injured to fight recklessly!
You are too injured to fight recklessly!
You hit Ijyb but do no damage.
Ijyb is lightly wounded.
Ijyb closely misses you. The grasping roots constrict you.
* * * LOW HITPOINT WARNING * * *
You hit Ijyb but do no damage.
Ijyb is lightly wounded.
Ijyb hits you with a +0 club.
* * * LOW HITPOINT WARNING * * *
The grasping roots constrict you.
You die...

#######...###.........####
#..?.$..#..## #.#.#.###.#
#8.....8#.## #.###.# #.#
#......$### #.# #.# #.#
#8...).8# #.# #.# #.#
#.......# #.# #.# #.#
#8.....8# #.# #.# #.#
#.....g.#######.###.#
#.####
#8...).8#gg@.........
..##..
.$.........######.##.# #.#
..........!##### #.#
...............##. #.#
....####.#........ #.#
...# #...._..##. #.# ..#
#.#.....##. #..
########.#........ ###
#..>......######


You could see Ijyb and a goblin.

Vanquished Creatures
  An adder (D:2)
  A dart slug (D:1)
  A bat (D:2)
  2 endoplasms (D:1)
  3 giant cockroaches
  13 goblins
  5 hobgoblins
  2 ball pythons (D:1)
  A frilled lizard (D:2)
  5 kobolds (D:1)
  3 rats
37 creatures vanquished.

Notes
Turn   | Place    | Note
-------+----------+-------------------------------------------
     0 | D:1      | Gadfly the Demonspawn Monk began the quest for the Orb.
     0 | D:1      | Reached XP level 1. HP: 18/18 MP: 1/1
   177 | D:1      | Gained mutation: You regenerate a little health from kills.
                  | [demonic ancestry]
   177 | D:1      | Reached XP level 2. HP: 20/24 MP: 2/2
   265 | D:1      | Reached skill level 1 in Evocations
   420 | D:1      | Reached skill level 1 in Shapeshifting
   779 | D:2      | Reached XP level 3. HP: 29/29 MP: 3/3
  1009 | D:2      | Found a bloodstained altar of Trog.
  1039 | D:2      | Noticed Ijyb
  1067 | D:2      | Constricted to death by Ijyb

Illustrated notes

Levels and vault maps discovered:
D:1:      mrwooster_arrival_statue, layout_rooms,
          hangedman_abyss_or_decor_lesser_grid
D:2:      kennysheep_the_goblin_king, layout_loops_corners, basic_altar,
          serial_park_tiny_pond

Skill      XL: |  1  2  3 |
---------------+----------+-----
Evocations     | 1 |  1.8
Shapeshifting  | 1 |  1.4
Dodging        | 3 |  3.0
Fighting       | |  3.0
Unarmed Combat | |  2.9

Action                     || total
---------------------------++-------
  Melee: Unarmed           ||    19
         Dagger            ||    90
    Use: Potion            ||     2
         Scroll            ||     3
 Armour: Robe              ||    62
  Dodge: Dodged            ||    65
